 Dungeon Crawl Stone Soup version 0.23-a0-189-gc87c613 (webtiles) character file.

39590 Felrender the Fencer (level 13, -6/119 HPs)
             Began as a Minotaur Fighter on Sept 23, 2018.
             Was a High Priest of Trog.
             Mangled by a fire elemental (8 damage)
             ... summoned by a deep elf mage
             ... on level 1 of the Elven Halls.
             The game lasted 00:47:54 (13935 turns).

Felrender the Fencer (Minotaur Fighter)            Turns: 13935, Time: 00:47:54

Health: -6/119     AC: 18    Str: 22    XL:     13   Next: 70%
Magic:  12/12      EV:  9    Int:  6    God:    Trog [*****.]
Gold:   906        SH: 16    Dex: 15    Spells: 12/12 levels left

rFire    . . .     SeeInvis +   j - +12 demon blade of Lasisur {freeze, *Corrode rPois rN+++ SInv}
rCold    . . .     Gourm    .   c - +2 shield
rNeg     + + +     Faith    .   z - +3 plate armour
rPois    +         Spirit   .   (helmet restricted)
rElec    .         Reflect  .   (no cloak)
rCorr    .         Harm     .   x - +0 pair of gloves
MR       .....                  (no boots)
Stlth    ..........             (no amulet)
HPRegen  0.29/turn              (no ring)
MPRegen  0.13/turn              (no ring)

@: corroded, slowed, very slow
A: retaliatory headbutt, horns 2, slimy green scales 1, strong 1, no potion heal
1
a: Berserk, Trog's Hand, Brothers in Arms, Renounce Religion


You were on level 1 of the Elven Halls.
You worshipped Trog.
Trog was extremely pleased with you.
You were not hungry.

You visited 4 branches of the dungeon, and saw 15 of its levels.

You collected 1454 gold pieces.
You spent 548 gold pieces at shops.

Inventory:

Hand Weapons
 a - a +2 long sword of venom
 j - the +12 demon blade of Lasisur (weapon) {freeze, *Corrode rPois rN+++ SInv}
   (Trog gifted it to you on level 1 of the Orcish Mines)

   It has been specially enchanted to freeze those struck by it, causing extra
   injury to most foes and up to half again as much damage against particularly
   susceptible opponents.
   It can also slow down cold-blooded creatures.
   It protects you from poison.
   It renders you almost immune to negative energy.
   It lets you see invisible.
   It may corrode you when you take damage.
 m - a +0 demon whip
 w - a cursed +3 great sword
 A - a cursed +1 dire flail
 B - a cursed +1 spear
 C - a +1 mace of holy wrath
 D - a +0 hand axe of chaos
 E - a +2 quarterstaff of speed
 H - a cursed +3 great sword of freezing
 I - a +4 long sword
 J - a +5 long sword
 K - a +2 halberd
 L - a cursed +3 scimitar of freezing
 M - a +5 battleaxe of freezing
 N - a +2 trident
 Q - a cursed +0 dagger
 R - a +1 war axe of chopping
Missiles
 d - 119 sling bullets
 h - 3 tomahawks of returning (quivered)
Armour
 c - a +2 shield (worn)
 g - the +3 robe of the Maze {+Inv rN+}
   (You found it on level 8 of the Dungeon)

   It protects you from negative energy.
   It lets you turn invisible.
 x - a +0 pair of gloves (worn)
 z - a +3 plate armour (worn)
Magical Staves
 o - an uncursed staff of conjuration {unknown}
Wands
 e - a wand of digging (10)
 p - a wand of flame (11)
 y - a wand of clouds (5)
 O - a wand of paralysis (6)
Scrolls
 i - 4 scrolls of remove curse
 k - 3 scrolls of amnesia
 l - a scroll of holy word
 q - 4 scrolls of teleportation
 u - 4 scrolls of magic mapping
 v - 2 scrolls of blinking
 F - a scroll of fog
 P - 4 scrolls of identify
 T - a scroll of enchant armour
Potions
 b - 2 potions of brilliance
 n - 3 potions of agility
 r - a potion of magic
 s - 2 potions of flight
 t - a potion of degeneration
 G - 2 potions of lignification {unknown}
 S - a potion of haste {unknown}
Comestibles
 f - 21 rations


   Skills:
 + Level 12.6 Fighting
 + Level 15.3 Long Blades
 + Level 0.5 Axes
 + Level 13.0 Armour
 + Level 3.2 Dodging
 + Level 1.4 Stealth
 + Level 15.0 Shields
 + Level 0.6 Evocations


You had 12 spell levels left.
You didn't know any spells.
Your spell library was empty.

Dungeon Overview and Level Annotations

Branches:
Dungeon (11/15)            Temple (1/1) D:5            Lair (0/6) D:10
    Orc (2/2) D:11            Elf (1/3) Orc:2

Altars:
Ashenzari
Cheibriados
Dithmenos
Elyvilon
Fedhas
Gozag
Hepliaklqana
Kikubaaqudgha
Makhleb
Nemelex Xobeh
Okawaru
Qazlal
Ru
Sif Muna
Trog
Uskayaw
Vehumet
Wu Jian
Xom
Yredelemnul
Zin
The Shining One

Shops:
D:7 ?   D:8 *   D:9 [   Orc:2 ?%?!


Innate Abilities, Weirdness & Mutations

You reflexively headbutt those who attack you in melee.
You have a pair of horns on your head.
You are partially covered in slimy green scales. (AC +2)
Your muscles are strong. (Str +2)
Potions are less effective at restoring your health.


Message History

The fire elemental closely misses you.
You hit the deep elf mage. You freeze the deep elf mage.
The deep elf mage is lightly wounded.
You feel less confused.
The deep elf mage completely misses you.
The deep elf mage mumbles some strange words.
The deep elf mage blinks!
You block the fire elemental's attack. You block the deep elf mage's attack.
You slash the deep elf mage! You freeze the deep elf mage.
Your headbutt misses the deep elf mage.
The deep elf mage is severely wounded.
The fire elemental hits you. The fire elemental burns you!
* * * LOW HITPOINT WARNING * * *
Your corrosive artefact corrodes you!
You block the fire elemental's attack.
The deep elf mage hits you but does no damage.
You slash the deep elf mage! You freeze the deep elf mage.
The deep elf mage is almost dead.
The deep elf mage barely misses you. The fire elemental hits you.
The fire elemental burns you!
You die...

#.....(.######.....#
#.....(.)))(.'.....+
#...)...######.....#
##)....## ##...##
##)).#### #'#'##
#)#(...# #####
#ยง#.##.# #E#.(..#
#@ee##.# #eE(...#
#.#.##.# #'#.....#
.e..##...#
#........... #...##
.#... ....# .# ..$..
.


You could see 4 deep elf magi and 2 fire elementals.

Vanquished Creatures
  An orc warlord (Orc:1)
  An ettin (Orc:2)
  A deep elf high priest (Elf:1)
  Harold (D:7)
  The ghost of rayofluck the Impaler, a journeyman MfGl of Okawaru (D:9)
  A hydra (D:11)
  4 two-headed ogres
  3 dancing weapons
  A deep elf knight (Elf:1)
  3 orc high priests (Orc:2)
  An unseen horror (D:11)
  5 orc knights
  5 orc sorcerers (Orc:2)
  13 deep elf magi (Elf:1)
  5 deep elf archers (Elf:1)
  An oklob plant (Orc:2)
  A manticore (D:11)
  7 trolls
  A hippogriff (D:10)
  Prince Ribbit (D:7)
  4 air elementals (Elf:1)
  A wraith (D:10)
  20 yaks (D:11)
  4 hogs (D:7)
  A human (D:7)
  A basilisk (shapeshifter) (Elf:1)
  A wyvern (D:9)
  3 wargs
  A porcupine (D:10)
  30 orc warriors
  2 black bears
  7 ogres
  3 ice beasts
  A sky beast (D:8)
  8 phantoms
  A necrophage (D:10)
  A crocodile (D:10)
  4 centaurs
  2 bullfrogs (D:9)
  2 wyvern zombies
  An earth elemental (Elf:1)
  A wyvern skeleton (D:11)
  3 scorpions
  14 wights
  2 howler monkeys
  5 crimson imps
  A quasit (D:8)
  A bullfrog zombie (D:10)
  6 hounds
  3 jellies
  21 orc priests
  25 orc wizards
  5 centaur skeletons
  2 bullfrog skeletons
  Terence (D:3)
  4 iguanas
  8 worker ants
  A hound zombie (D:9)
  A hound skeleton (D:6)
  A worker ant zombie (D:7)
  3 gnolls (D:4)
  Robin (D:2)
  11 adders
  3 shadow imps
  An ooze (D:4)
  An adder zombie (D:9)
  2 dart slugs
  7 leopard geckos
  82 orcs
  A ball python (D:1)
  7 giant cockroaches
  7 hobgoblins
  13 jackals
  12 kobolds
  7 quokkas
  5 bats (D:1)
  6 frilled lizards
  21 goblins
  A jackal skeleton (D:6)
  3 rats
454 creatures vanquished.

Vanquished Creatures (collateral kills)
  An orc knight (Orc:2)
  A warg (Orc:2)
  An orc warrior (Orc:2)
  2 ogres (Orc:2)
  3 orcs (Orc:2)
8 creatures vanquished.

Vanquished Creatures (others)
  A deep elf mage (Elf:1)
  An orc (Orc:2)
  5 fungi (D:10)
7 creatures vanquished.

Grand Total: 469 creatures vanquished

Notes
Turn   | Place    | Note
-------+----------+-------------------------------------------
     0 | D:1      | Felrender the Minotaur Fighter began the quest for the Orb.
     0 | D:1      | Reached XP level 1. HP: 19/19 MP: 0/0
   113 | D:1      | Reached XP level 2. HP: 23/27 MP: 1/1
   451 | D:1      | Reached XP level 3. HP: 33/33 MP: 2/2
   762 | D:2      | Noticed Robin
   782 | D:2      | Reached XP level 4. HP: 28/40 MP: 3/3
   784 | D:2      | Killed Robin
   899 | D:2      | Found a faded altar of an unknown god.
  1724 | D:3      | Found a bloodstained altar of Trog.
  1753 | D:3      | Reached XP level 5. HP: 46/46 MP: 4/4
  1765 | D:3      | Found a shadowy altar of Dithmenos.
  1906 | D:3      | Reached skill level 1 in Dodging
  2312 | D:3      | Noticed Terence
  2320 | D:3      | Killed Terence
  2320 | D:3      | Reached skill level 5 in Long Blades
  2320 | D:3      | Reached skill level 5 in Shields
  2871 | D:4      | Found a hazy altar of Hepliaklqana.
  2959 | D:4      | Reached XP level 6. HP: 53/53 MP: 5/5
  3670 | D:5      | Entered Level 5 of the Dungeon
  3673 | D:5      | Found a stormy altar of Qazlal.
  3775 | D:5      | Reached skill level 5 in Armour
  3789 | D:5      | Reached XP level 7. HP: 60/60 MP: 6/6
  3884 | D:5      | Found a burning altar of Makhleb.
  3940 | D:5      | Found a staircase to the Ecumenical Temple.
  3953 | Temple   | Entered the Ecumenical Temple
  4163 | Temple   | Became a worshipper of Trog the Wrathful
  4243 | D:5      | Found an ancient bone altar of Kikubaaqudgha.
  4731 | D:6      | Reached skill level 5 in Fighting
  4859 | D:6      | Reached XP level 8. HP: 68/68 MP: 7/7
  4962 | D:6      | Found a radiant altar of Vehumet.
  5573 | D:7      | Identified the Volume of the Damaging Rocks
  5594 | D:7      | Noticed Harold
  5599 | D:7      | Reached * piety under Trog
  5611 | D:7      | Upgraded the game from 0.23-a0-183-gf37f6fb to
                  | 0.23-a0-189-gc87c613
  5644 | D:7      | Killed Harold
  5644 | D:7      | Reached XP level 9. HP: 46/75 MP: 8/8
  5923 | D:7      | Found an iron altar of Okawaru.
  6082 | D:7      | Reached skill level 10 in Long Blades
  6148 | D:7      | Noticed Prince Ribbit
  6158 | D:7      | Killed Prince Ribbit
  6228 | D:7      | Found Geptus's Magic Scroll Shoppe.
  6236 | D:7      | Bought a scroll of identify for 24 gold pieces
  6236 | D:7      | Bought a scroll of identify for 24 gold pieces
  6236 | D:7      | Bought 3 scrolls of identify for 72 gold pieces
  6236 | D:7      | Bought a scroll of identify for 24 gold pieces
  6236 | D:7      | Bought a scroll of identify for 24 gold pieces
  6772 | D:8      | Reached ** piety under Trog
  6914 | D:8      | Got a steaming robe
  6916 | D:8      | Identified the +3 robe of the Maze {+Inv rN+} (You found it
                  | on level 8 of the Dungeon)
  6995 | D:8      | Reached XP level 10. HP: 86/86 MP: 9/9
  7058 | D:8      | Found Jerchoim's General Store.
  7091 | D:8      | Found an ornate altar of the Wu Jian Council.
  7118 | D:8      | Found an iron altar of Okawaru.
  7175 | D:8      | Noticed a two-headed ogre
  7186 | D:8      | Killed a two-headed ogre
  7564 | D:9      | Reached skill level 1 in Stealth
  7580 | D:9      | Found a runed door.
  7580 | D:9      | Found a shimmering altar of Xom.
  7580 | D:9      | Noticed rayofluck's ghost (journeyman MfGl)
  7581 | D:9      | Noticed a hand axe of chaos
  7605 | D:9      | Killed a hand axe of chaos
  7618 | D:9      | Killed rayofluck's ghost
  7618 | D:9      | Reached skill level 10 in Shields
  7802 | D:9      | Found Viogiw's Antique Armour Shoppe.
  7921 | D:9      | Reached *** piety under Trog
  7952 | D:9      | Noticed a two-headed ogre
  7964 | D:9      | Killed a two-headed ogre
  7977 | D:9      | Found a glowing silver altar of Zin.
  7994 | D:9      | Reached XP level 11. HP: 95/95 MP: 10/10
  8017 | D:9      | Noticed a two-headed ogre
  8027 | D:9      | Killed a two-headed ogre
  8312 | D:10     | Entered Level 10 of the Dungeon
  8673 | D:10     | Paralysed by an orc warrior for 5 turns
  8769 | D:10     | Found a staircase to the Lair.
  8794 | D:10     | Reached **** piety under Trog
  8819 | D:10     | Reached skill level 10 in Armour
  9143 | D:11     | Killed an unseen horror
  9334 | D:11     | Noticed an eight-headed hydra
  9351 | D:11     | Killed a 14-headed hydra
  9810 | D:11     | Gained mutation: You are partially covered in slimy green
                  | scales. (AC +2) [potion of mutation]
  9810 | D:11     | Gained mutation: You are robust. (+10% HP) [potion of
                  | mutation]
  9811 | D:11     | Lost mutation: You are robust. (+10% HP) [potion of
                  | mutation]
  9811 | D:11     | Gained mutation: Your flesh is heat resistant. (rF+)
                  | [potion of mutation]
  9811 | D:11     | Gained mutation: You expend magic power (3 MP) to
                  | strengthen your wands. [potion of mutation]
  9811 | D:11     | Gained mutation: Your flesh is very heat resistant. (rF++)
                  | [potion of mutation]
  9812 | D:11     | Lost mutation: You expend magic power (3 MP) to strengthen
                  | your wands. [potion of mutation]
  9812 | D:11     | Lost mutation: Your flesh is very heat resistant. (rF++)
                  | [potion of mutation]
  9812 | D:11     | Lost mutation: You are partially covered in slimy green
                  | scales. (AC +2) [potion of mutation]
  9812 | D:11     | Lost mutation: Your flesh is heat resistant. (rF+) [potion
                  | of mutation]
  9812 | D:11     | Gained mutation: You are partially covered in slimy green
                  | scales. (AC +2) [potion of mutation]
  9812 | D:11     | Gained mutation: Potions are less effective at restoring
                  | your health. [potion of mutation]
  9812 | D:11     | Gained mutation: Your muscles are strong. (Str +2) [potion
                  | of mutation]
 10165 | D:11     | Reached XP level 12. HP: 99/106 MP: 11/11
 10172 | D:11     | Reached ***** piety under Trog
 10230 | D:11     | Reached skill level 10 in Fighting
 10429 | D:11     | Found a staircase to the Orcish Mines.
 10695 | Orc:1    | Entered Level 1 of the Orcish Mines
 10814 | Orc:2    | Entered Level 2 of the Orcish Mines
 10854 | Orc:2    | Noticed a two-headed ogre
 10861 | Orc:2    | Killed a two-headed ogre
 11014 | Orc:2    | Noticed an ettin
 11026 | Orc:2    | Killed an ettin
 11337 | Orc:1    | Received a gift from Trog
 11354 | Orc:1    | Got a smoking demon blade {god gift}
 11389 | Orc:1    | Identified the +12 demon blade of Lasisur {freeze, *Corrode
                  | rPois rN+++ SInv} (Trog gifted it to you on level 1 of the
                  | Orcish Mines)
 11719 | Orc:1    | Noticed an orc warlord
 11748 | Orc:1    | Killed an orc warlord
 12073 | Orc:2    | Noticed an orc high priest
 12080 | Orc:2    | Killed an orc high priest
 12084 | Orc:2    | Noticed an orc high priest
 12100 | Orc:2    | Noticed an orc high priest
 12103 | Orc:2    | Killed an orc high priest
 12103 | Orc:2    | Reached XP level 13. HP: 116/116 MP: 12/12
 12110 | Orc:2    | Found Itiofef's Distillery.
 12110 | Orc:2    | Found Geluw's Magic Scroll Shop.
 12130 | Orc:2    | Found Biul's Food Shop.
 12130 | Orc:2    | Found Izarghi's Magic Scroll Shoppe.
 12140 | Orc:2    | Bought a scroll of holy word for 112 gold pieces
 12140 | Orc:2    | Bought a scroll of identify for 30 gold pieces
 12140 | Orc:2    | Bought a scroll of identify for 30 gold pieces
 12143 | Orc:2    | Bought a scroll of identify for 22 gold pieces
 12143 | Orc:2    | Bought a scroll of identify for 22 gold pieces
 12143 | Orc:2    | Bought a scroll of holy word for 82 gold pieces
 12143 | Orc:2    | Bought a scroll of enchant armour for 82 gold pieces
 12262 | Orc:2    | Found a staircase to the Elven Halls.
 12993 | Elf:1    | Entered Level 1 of the Elven Halls
 13078 | Elf:1    | Received a gift from Trog
 13450 | Elf:1    | Reached skill level 15 in Long Blades
 13878 | Elf:1    | Reached skill level 15 in Shields
 13934 | Elf:1    | HP: 1/119 [fire elemental[a deep elf mage] (9)]
 13935 | Elf:1    | Mangled by a fire elemental

Vault maps used:
D:1:      saegor_arrival_simple_e, minmay_lizard_pond
D:2:      kennysheep_big_flooded_room, first_ration,
          chequers_ecumenical_altar_simple, guppyfry_early_orc_mine, uniq_robin
D:3:      nicolae_dithmenos_through_a_glass_darkly, trog_three_pillars_becter,
          uniq_terence
D:4:      kennysheep_little_box, hangedman_decor_push, st_stairs_13
D:5:      kiku_gazebo_garden_becter, nicolae_qazlal_general_emergency,
          temple_hall, makhleb_blood_cavern_becter
D:6:      overflow_temple_1_default, minmay_misc_feat_iff
D:7:      basic_altar, serial_shops, shop, grunt_livestock, uniq_prince_ribbit1,
          uniq_harold
D:8:      old_standard_altar, kennysheep_mini, serial_shops, shop
D:9:      kennysheep_mini_moat, serial_shops, nicolae_shop_overgrown_old_shop,
          ebering_ghost_xom
D:10:     grunt_lair_entry_orc_guard_hut
D:11:     david_orc_4
Temple:   dpeg_chambers_temple
Orc:2:    grunt_orc_tribal_feast, mines3_lemuel
Elf:1:    gammafunk_ghost_fury_of_okawaru, hangedman_elf_represent

Skill      XL: |  1  2  3  4  5  6  7  8  9 10 11 12 13 |
---------------+----------------------------------------+-----
Fighting       | 4 5 7 8 9 11 12 | 12.6
Shields        | 4 5 6 8 10 12 13 15 | 15.0
Long Blades    | 3 4 5 6 7 9 10 12 13 14 15 | 15.3
Armour         | 4 5 6 7 8 9 10 12 13 | 13.0
Dodging        | 1 2 3 |  3.2
Stealth        | 1 |  1.4
Axes           | |  0.5
Evocations     | |  0.6

Action                   |  1- 3 |  4- 6 |  7- 9 | 10-12 | 13-15 || total
-------------------------+-------+-------+-------+-------+-------++-------
Melee: Long sword        |    87 |   174 |   295 |   682 |       ||  1238
       Headbutt          |    12 |    31 |    80 |   196 |    37 ||   356
       War axe           |       |       |       |     8 |       ||     8
       Demon blade       |       |       |       |    67 |   179 ||   246
Invok: Berserk           |       |       |     2 |     8 |     1 ||    11
       Trog's Hand       |       |       |       |     3 |     3 ||     6
       Brothers in Arms  |       |       |       |     1 |     2 ||     3
Evoke: Wand              |       |       |       |       |     2 ||     2
  Use: Scroll            |     5 |     8 |    14 |     5 |     2 ||    34
       Potion            |     1 |       |     3 |     7 |     7 ||    18
  Eat: Chunk             |       |     9 |     2 |    10 |     3 ||    24
       Ration            |       |     1 |     2 |     7 |       ||    10
Armor: Scale mail        |    42 |    13 |       |       |       ||    55
       Chain mail        |       |    41 |    61 |       |       ||   102
       Plate armour      |       |       |    30 |   276 |    55 ||   361
Dodge: Dodged            |    22 |    37 |    51 |   130 |    34 ||   274
Block: Shield            |    53 |   106 |   164 |   478 |   114 ||   915
       Rpst.: Long sword |     8 |     6 |    24 |    25 |       ||    63
       Demon blade       |       |       |       |     6 |     5 ||    11

Table legend:
 A = Non-vault XP
 B = Vault XP
 C = Vault XP percentage of total XP
 D = Non-vault monster count
 E = Vault monster count
 F = Vault count percentage of total count
                 A         B        C        D         E       F
            +---------+---------+-------+---------+---------+-------
      Total |   40187 |   16371 |  28.9 |     365 |      98 |  21.2
            +---------+---------+-------+---------+---------+-------
        D:1 |      45 |       4 |   8.2 |      25 |       4 |  13.8
        D:2 |      69 |      68 |  49.6 |      13 |      22 |  62.9
        D:3 |     128 |      36 |  22.0 |      26 |       1 |   3.7
        D:4 |     224 |      78 |  25.8 |      16 |       2 |  11.1
        D:5 |     496 |      45 |   8.3 |      11 |       1 |   8.3
        D:6 |     647 |       0 |   0.0 |      16 |       0 |   0.0
        D:7 |     644 |    2215 |  77.5 |      15 |       7 |  31.8
        D:8 |    2037 |       0 |   0.0 |      24 |       0 |   0.0
        D:9 |    3547 |    1843 |  34.2 |      33 |       2 |   5.7
       D:10 |    2137 |     515 |  19.4 |      32 |       4 |  11.1
       D:11 |    8054 |     858 |   9.6 |      46 |      19 |  29.2
      Orc:1 |    5184 |       0 |   0.0 |      42 |       0 |   0.0
      Orc:2 |    6334 |    7607 |  54.6 |      42 |      31 |  42.5
      Elf:1 |   10641 |    3102 |  22.6 |      24 |       5 |  17.2
            +---------+---------+-------+---------+---------+-------
